Map: Chantier naval orbital

Players

AgCl

  • Race: Protoss Protoss

Kyrao - Winner!

  • Race: Terran Terran

VOD

Have the link to the VOD?

Description

Time

  • Played on: May 12, 2015, 11:09 p.m.
  • Length: 5:44
Show
View Real Time Build Order
Export as new Build Order

AgCl Protoss 

Build Orders:  

Get SALT Encoding   

  12  0:13  Pylon  
  12  0:16  Assimilator  
  12  0:19  Probe  
  13  0:31  Probe  
  14  0:37  Gateway  
  14  0:43  Probe  
  15  0:55  Probe (Chrono Boost)  
  16  1:02  Assimilator  
  16  1:07  Probe (Chrono Boost)  
  17  1:15  Probe (Chrono Boost)  
  18  1:20  Pylon  
  18  1:25  Cybernetics Core  
  18  1:26  Probe (Chrono Boost)  
  19  1:36  Probe (Chrono Boost)  
  20  1:43  Probe  
  21  1:55  Probe  
  22  2:03  Robotics Facility  
  22  2:04  Warp Gate (Chrono Boost)  
  22  2:08  Mothership Core (Chrono Boost)  
  24  2:13  Adept  
  27  2:23  Probe (Chrono Boost)  
  27  2:34  Probe  
  28  2:46  Probe  
  29  2:51  Gateway  
  29  2:54  Observer (Chrono Boost)  
  30  3:05  Gateway  
  28  3:39  Pylon  
  28  3:47  Immortal (Chrono Boost)  
  32  4:17  Warp Prism (Chrono Boost)  
  32  4:19  Pylon  
  32  4:26  Nexus  
  32  4:28  Pylon  
  32  4:30  Gateway  
  32  4:33  Pylon  
  32  4:41  Probe  
  32  4:44  Observer (Chrono Boost)  
  34  5:02  Probe  
  34  5:03  Gateway  
  35  5:10  Gateway, Forge  
  35  5:14  Pylon  
  35  5:18  Adept  
  36  5:32  Pylon  
Show
View Real Time Build Order
Export as new Build Order

Kyrao Terran - Winner!

Build Orders: Reaper Expand 

Get SALT Encoding   

  12  0:01  SCV  
  13  0:13  SCV  
  14  0:18  Supply Depot  
  14  0:25  SCV  
  15  0:40  SCV  
  15  0:41  Barracks  
  16  0:44  Refinery  
  16  0:52  SCV  
  18  1:04  SCV  
  18  1:16  SCV  
  19  1:28  Orbital Command  
  19  1:30  Reaper  
  20  1:43  Command Center  
  20  1:45  Supply Depot  
  20  1:53  SCV  
  21  2:02  Barracks Reactor  
  21  2:06  SCV  
  22  2:14  Refinery  
  22  2:18  SCV  
  22  2:22  Factory  
  23  2:30  SCV  
  23  2:31  Bunker  
  24  2:43  SCV, Marine x2  
  27  2:49  Supply Depot  
  27  2:55  SCV, Orbital Command  
  28  3:01  Marine x2  
  30  3:07  SCV  
  31  3:17  Factory Tech Lab  
  31  3:18  Starport  
  31  3:19  SCV  
  31  3:22  Marine x2  
  31  3:23  SCV  
  34  3:31  SCV  
  35  3:50  SCV x2  
  35  3:51  Cyclone  
  35  3:52  Marine x2  
  42  3:56  Medivac  
  42  4:02  SCV x2, Refinery  
  46  4:04  Refinery  
  46  4:12  Marine x2  
  46  4:14  SCV x2  
  50  4:19  Barracks  
  50  4:21  Barracks  
  50  4:26  SCV x2  
  50  4:31  Supply Depot, Marine x2  
  54  4:51  Supply Depot  
  54  4:52  Supply Depot, Viking, SCV x2  
  58  4:58  Factory Reactor, Marine x2  
  60  5:04  SCV x2  
  62  5:16  SCV  
  62  5:20  SCV  
  63  5:23  Marine  
  63  5:24  Marine x3  
  69  5:29  SCV  
Tags
 
Add a new tag
Caveats
  • Supply blocks, unpowered buildings, or Contaminate may cause inaccurate times.
  • Supply counts are checked every 10 seconds.